 Dungeon Crawl Stone Soup version 0.19.0-2-gae57169 (webtiles) character file.

85577 sleepydude the Blocker (level 15, -12/142 HPs)
             Began as a Deep Dwarf Fighter on Nov 5, 2016.
             Was the Champion of Makhleb.
             Mangled by an orc warlord
             ... wielding a +3 antimagic battleaxe
              (22 damage)
             ... while paralysed
             ... on level 1 of the Orcish Mines.
             The game lasted 01:44:25 (21466 turns).

sleepydude the Blocker (Deep Dwarf Fighter)        Turns: 21466, Time: 01:44:26

Health: -12/142    AC: 28    Str: 21    XL:     15   Next: 38%
Magic:  0/0        EV:  2    Int: 10    God:    Makhleb [******]
Gold:   1596       SH:  0    Dex: 18    Spells: 0 memorised, 14 levels left

rFire  + . .     SeeInvis +     o - +2 whip (vamp)
rCold  + . .     Gourm    .     n - +7 chain mail "Qumireti" {rC+ SInv}
rNeg   + . .     Faith    .     c - +1 shield
rPois  .         Spirit   .     N - +0 helmet
rElec  .         Reflect  .     A - +0 cloak
rCorr  .         Harm     .     V - +2 pair of gloves
MR     +++++                    a - +0 pair of boots {Stlth+}
Stlth  ..........               d - amulet "Ownil" {+Rage MR++ Str-4 Dex+6}
                                O - ring of protection from fire
                                j - ring of protection from magic

@: paralysed, exhausted, non-regenerating, slowed, drained
A: damage resistance, recharge devices, mutation resistance 1, negative energy
resistance 1, sense surroundings 2, slow regeneration 3
a: Device Recharging, Minor Destruction, Lesser Servant of Makhleb, Major
Destruction, Greater Servant of Makhleb, Renounce Religion, Evoke Berserk Rage


You were on level 1 of the Orcish Mines.
You worshipped Makhleb.
Makhleb was exalted by your worship.
You were near starving.

You visited 5 branches of the dungeon, and saw 21 of its levels.
You also visited: Ice Cave.

You collected 2114 gold pieces.
You spent 518 gold pieces at shops.

Inventory:

Hand Weapons
 o - a +2 vampiric whip (weapon)
Armour
 a - a +0 pair of boots of stealth (worn)
 c - a +1 shield (worn)
 n - the +7 chain mail "Qumireti" (worn) {rC+ SInv}
   (You bought it in a shop on level 2 of the Orcish Mines)

   It protects you from cold.
   It lets you see invisible.
 w - a +1 plate armour of poison resistance
 A - a +0 cloak (worn)
 N - a +0 helmet (worn)
 V - a +2 pair of gloves (worn)
Jewellery
 d - the amulet "Ownil" (around neck) {+Rage MR++ Str-4 Dex+6}
   (You found it on level 7 of the Dungeon)

   [amulet of rage]

   It affects your strength (-4).
   It affects your dexterity (+6).
   It affects your resistance to hostile enchantments.
   It lets you go berserk.
 j - a ring of protection from magic (left hand)
 v - an uncursed ring of flight
 J - an uncursed ring of protection from cold
 O - a ring of protection from fire (right hand)
 P - an uncursed ring of protection from magic
 U - a +3 ring of dexterity
 Z - an uncursed amulet of magic regeneration
Wands
 b - a wand of slowing (35/48)
 e - a wand of heal wounds (0/9)
 h - a wand of digging (6/24)
 r - a wand of iceblast (7/15)
 y - a wand of teleportation (0/9)
 L - a wand of flame (20/48)
 Q - a wand of acid (7/15)
Scrolls
 k - 2 scrolls of fear
 l - 2 scrolls of magic mapping
 m - a scroll of identify {@r1}
 q - 2 scrolls of enchant armour
 t - 2 scrolls of teleportation
 x - 5 scrolls of remove curse {@r2}
 D - 4 scrolls of enchant weapon
 G - 6 scrolls of recharging
 I - a scroll of blinking
 M - a scroll of amnesia
Potions
 g - 2 potions of might
 p - 4 potions of curing {@q1}
 s - 3 potions of flight
 B - 2 potions of ambrosia
 K - a potion of haste
 X - a potion of brilliance
Comestibles
 f - 6 bread rations
 E - 15 fruits


   Skills:
 + Level 11.5(10.9) Fighting
 + Level 12.7(12.1) Maces & Flails
 + Level 13.8(13.2) Armour
 - Level 12.3(11.7) Dodging
 + Level 14.1(13.4) Shields
 - Level 2.1(1.6) Invocations
 + Level 4.7(4.2) Evocations


You had 14 spell levels left.
You didn't know any spells.

Dungeon Overview and Level Annotations

Branches:
Dungeon (10/15)            Temple (1/1) D:7            Lair (6/6) D:9
 Shoals (0/4) Lair:4       Spider (2/4) Lair:2        Slime (0/5) Lair:5
    Orc (2/2) D:10
    Elf: Orc:2

Altars:
Ashenzari
Cheibriados
Dithmenos
Elyvilon
Fedhas
Gozag
Hepliaklqana
Kikubaaqudgha
Makhleb
Nemelex Xobeh
Okawaru
Qazlal
Ru
Sif Muna
Vehumet
Xom
Yredelemnul
Zin
The Shining One
Beogh
Jiyva

Shops:
D:4 [   D:5 !   D:8 !   D:10 }   Orc:2 [}}?


Innate Abilities, Weirdness & Mutations

You are resistant to damage.
You can recharge devices by infusing magical energy.
You resist negative energy. (rN+)
You passively map the area around you.
You do not regenerate.
You are somewhat resistant to further mutation.


Message History

You hit the orc warrior.
You feel better.
The orc warrior is almost dead.
The orc warlord barely misses you.
You whack the orc warrior!
You kill the orc warrior!
Makhleb accepts your kill.
You feel better.
The orc warlord hits you with an antimagic battleaxe!!
You hit the orc warlord.
The orc warlord is severely wounded.
You whack the orc warlord!
You feel better.
The orc warlord is severely wounded.
You are no longer berserk.
You pass out from exhaustion.
You feel yourself slow down.
The orc warlord hits you with a dire flail!!!
* * * LOW HITPOINT WARNING * * *
The orc hits you but does no damage.
The orc warlord hits you with an antimagic battleaxe!!
You die...

###### ### ###
###.##.###.###.###
#######...........#....#
#..8(.#...........#.....
#.(.((#.......>......#.#
#.))..#@o###........####
#.....#oo# ###.....##
####'###h.# #.....###
#.....(..## ##......##
#.8.8.8.## #........# #
##...(...# ##...##.## ##
##........## ########
.## #......#...## #.##
##.#...#....##


You could see 2 orc warlords, a warg and an orc.

Vanquished Creatures
  Frances (Spider:2)
  Donald (Spider:1)
  A frost giant (IceCv)
  A stone giant (Orc:1)
  2 entropy weavers (Spider:1)
  Snorg (D:10)
  Josephine (D:9)
  2 ogre magi (Orc:2)
  Harold (D:10)
  6 hydras
  A catoblepas (Lair:4)
  7 death yaks
  A queen ant (Spider:1)
  Urug (Lair:5)
  Nergalle (Lair:1)
  A lindwurm (Lair:4)
  A hill giant (D:10)
  Pikel (D:4)
  An orc knight (Orc:2)
  6 orb spiders
  8 wolf spiders
  8 orc sorcerers (Orc:2)
  An ice statue (IceCv)
  6 elephants
  3 black mambas
  7 spiny frogs
  2 demonic crawlers (Spider:1)
  6 rime drakes
  5 komodo dragons
  2 ice devils (Lair:6)
  A troll (D:10)
  11 jumping spiders
  19 polar bears
  5 hornets
  A slime creature (D:8)
  11 blink frogs
  4 dream sheep (Lair:5)
  7 hippogriffs
  Sigmund (D:6)
  8 tarantellas
  19 redbacks
  13 spriggans (Lair:6)
  2 basilisks
  6 wraiths
  4 hogs (D:9)
  Grum (D:9)
  A human (D:9)
  49 yaks
  A hungry ghost (D:8)
  A warg (Orc:1)
  3 soldier ants (Spider:1)
  Edmund (D:4)
  8 water moccasins
  7 porcupines
  Duvessa (D:5)
  22 orc warriors
  5 phantoms
  3 black bears
  4 ice beasts
  11 ogres
  3 boggarts (Lair:6)
  56 wolves
  7 crocodiles
  9 centaurs
  A big kobold (D:8)
  22 bullfrogs
  Dowan (D:5)
  6 scorpions
  2 killer bees (D:8)
  4 wights (D:8)
  6 howler monkeys
  5 electric eels
  2 crimson imps
  2 centaur zombies (D:8)
  5 hounds
  A jelly (D:6)
  18 orc priests
  A bullfrog skeleton (D:10)
  4 iguanas
  31 orc wizards
  11 worker ants
  2 hound zombies
  A hound skeleton (D:7)
  A worker ant zombie (D:8)
  7 adders
  7 gnolls
  5 shadow imps
  2 oozes
  An adder zombie (D:6)
  An adder skeleton (D:6)
  2 worms
  5 dart slugs
  2 leopard geckos
  123 orcs
  A ball python (D:6)
  10 bats
  8 giant cockroaches
  16 goblins
  8 hobgoblins
  6 jackals (D:10)
  11 kobolds
  4 quokkas
  A ball python zombie (D:5)
  4 frilled lizards
  A leopard gecko skeleton (D:4)
  A quokka skeleton (D:9)
  10 rats
753 creatures vanquished.

Vanquished Creatures (collateral kills)
  An entropy weaver (Spider:1)
  2 wargs (Orc:2)
  An ogre (Orc:2)
  An orc wizard (Orc:2)
  A worker ant (Spider:1)
  An orc (Orc:2)
7 creatures vanquished.

Vanquished Creatures (others)
  A wolf spider (Spider:1)
  2 jumping spiders (Spider:1)
  A redback (Spider:1)
  3 orc wizards (Orc:2)
  A worker ant (D:4)
  5 orcs
  6 fungi
  10 plants
29 creatures vanquished.

Grand Total: 789 creatures vanquished

Notes
Turn   | Place    | Note
-------+----------+-------------------------------------------
     0 | D:1      | sleepydude the Deep Dwarf Fighter began the quest for the Orb.
     0 | D:1      | Reached XP level 1. HP: 20/20 MP: 1/1
    89 | D:1      | Reached XP level 2. HP: 27/27 MP: 2/2
   301 | D:1      | Found a sparkling altar of Nemelex Xobeh.
   504 | D:1      | Reached XP level 3. HP: 29/33 MP: 3/3
   777 | D:2      | Found a blossoming altar of Fedhas.
   871 | D:2      | Reached skill level 1 in Dodging
  1257 | D:2      | Reached skill level 4 in Shields
  1344 | D:2      | Reached XP level 4. HP: 38/42 MP: 4/4
  1884 | D:3      | Reached XP level 5. HP: 42/49 MP: 5/5
  2270 | D:4      | Noticed Edmund
  2288 | D:4      | Killed Edmund
  2307 | D:4      | Reached XP level 6. HP: 36/56 MP: 6/6
  2371 | D:4      | Noticed a slave
  2371 | D:4      | Noticed a slave
  2372 | D:4      | Noticed Pikel
  2373 | D:4      | Noticed a slave
  2389 | D:4      | Noticed a slave
  2429 | D:4      | Killed Pikel
  2429 | D:4      | Reached skill level 5 in Armour
  2429 | D:4      | Reached skill level 5 in Shields
  2429 | D:4      | Reached XP level 7. HP: 36/64 MP: 6/6
  2864 | D:4      | Reached XP level 8. HP: 57/73 MP: 7/7
  2967 | D:4      | Noticed an angel
  2968 | D:4      | Found a glowing silver altar of Zin.
  3017 | D:4      | Found Maqah Lirr's Armour Boutique.
  3027 | D:4      | Bought a +0 cloak for 58 gold pieces
  3047 | D:5      | Entered Level 5 of the Dungeon
  3113 | D:5      | Noticed Duvessa
  3113 | D:5      | Noticed Dowan
  3123 | D:5      | Killed Duvessa
  3149 | D:5      | Killed Dowan
  3149 | D:5      | Reached skill level 6 in Shields
  3266 | D:5      | Got an ancient mace
  3267 | D:5      | Identified the +4 mace "Huraec" {freeze, Fragile rC+++ MP+9 Stlth-} (You found it on level 5 of the Dungeon)
  3499 | D:5      | Reached skill level 5 in Fighting
  3499 | D:5      | Reached skill level 5 in Maces & Flails
  3531 | D:5      | Reached skill level 5 in Dodging
  3878 | D:5      | Found Joguni's Distillery.
  3944 | D:6      | Found a sacrificial altar of Ru.
  3966 | D:6      | Noticed Sigmund
  3989 | D:6      | Killed Sigmund
  4032 | D:6      | Gained mutation: You passively map the area around you. [Deep Dwarf growth]
  4032 | D:6      | Reached XP level 9. HP: 71/81 MP: 7/7
  4096 | D:6      | Reached skill level 7 in Shields
  4657 | D:7      | Got a faintly glowing silver amulet
  4662 | D:7      | Found a staircase to the Ecumenical Temple.
  4721 | Temple   | Entered the Ecumenical Temple
  4812 | Temple   | Became a worshipper of Makhleb the Destroyer
  5310 | D:8      | Found a shadowy altar of Dithmenos.
  5500 | D:8      | Reached * piety under Makhleb
  5643 | D:8      | Reached skill level 8 in Shields
  5779 | D:8      | Noticed an eight-headed hydra
  5793 | D:8      | Killed an eight-headed hydra
  5793 | D:8      | Reached XP level 10. HP: 32/92 MP: 8/8
  6127 | D:8      | Found Retij's Distillery.
  6354 | D:8      | Reached ** piety under Makhleb
  6536 | D:9      | Found a staircase to the Lair.
  6540 | D:9      | Noticed Grum
  6593 | D:9      | Killed Grum
  6593 | D:9      | Reached skill level 9 in Shields
  6887 | D:9      | Found an ancient bone altar of Kikubaaqudgha.
  6941 | D:9      | Found a basalt altar of Yredelemnul.
  6974 | D:9      | Reached *** piety under Makhleb
  7069 | D:9      | Reached XP level 11. HP: 100/100 MP: 8/8
  7680 | D:10     | Entered Level 10 of the Dungeon
  7680 | D:10     | Noticed Snorg
  7680 | D:10     | Noticed a hill giant
  7860 | Lair:1   | Entered Level 1 of the Lair of Beasts
  8010 | D:9      | Identified a scroll of acquirement
  8218 | Lair:1   | Noticed Nergalle
  8234 | Lair:1   | Killed Nergalle
  8271 | Lair:1   | Identified the amulet "Ownil" {+Rage MR++ Str-4 Dex+6} (You found it on level 7 of the Dungeon)
  8779 | Lair:1   | Noticed a seven-headed hydra
  8791 | Lair:1   | Killed a seven-headed hydra
  8791 | Lair:1   | Reached skill level 10 in Shields
  9094 | Lair:2   | Reached **** piety under Makhleb
  9179 | Lair:2   | Noticed an eight-headed hydra
  9188 | Lair:2   | Killed an eight-headed hydra
  9188 | Lair:2   | Reached skill level 10 in Armour
  9953 | Lair:2   | Reached XP level 12. HP: 111/111 MP: 8/8
  9959 | Lair:2   | Found a hole to the Spider Nest.
 10133 | Lair:3   | Noticed a death yak
 10133 | Lair:3   | Noticed a death yak
 10133 | Lair:3   | Noticed a death yak
 10133 | Lair:3   | Noticed a death yak
 10135 | Lair:3   | Noticed a death yak
 10250 | D:8      | Bought a potion of might for 56 gold pieces
 10358 | D:5      | Bought a potion of might for 56 gold pieces
 10358 | D:5      | Bought a potion of agility for 56 gold pieces
 10617 | Lair:3   | Killed a death yak
 10648 | Lair:3   | Killed a death yak
 10694 | Lair:3   | Killed a death yak
 10709 | Lair:3   | Killed a death yak
 10709 | Lair:3   | Reached skill level 10 in Dodging
 10801 | Lair:3   | Reached skill level 11 in Shields
 11477 | Lair:3   | Reached skill level 10 in Maces & Flails
 12037 | Lair:4   | Noticed a catoblepas
 12059 | Lair:4   | Killed a catoblepas
 12073 | Lair:4   | Found a staircase to the Shoals.
 12129 | Lair:4   | Reached ***** piety under Makhleb
 12357 | Lair:5   | Reached XP level 13. HP: 120/121 MP: 8/8
 12421 | Lair:5   | Found a staircase to the Slime Pits.
 12422 | Lair:5   | Found a viscous altar of Jiyva.
 12650 | Lair:5   | Noticed Urug
 12689 | Lair:5   | Killed Urug
 13032 | Lair:6   | Entered Level 6 of the Lair of Beasts
 13157 | Lair:6   | Found a frozen archway.
 13164 | Lair:6   | Reached skill level 12 in Shields
 13179 | IceCv    | Entered an ice cave
 13864 | IceCv    | Reached skill level 10 in Fighting
 13943 | IceCv    | Noticed a frost giant
 13982 | IceCv    | Killed a frost giant
 14424 | Lair:6   | Gained mutation: You resist negative energy. (rN+) [Deep Dwarf growth]
 14424 | Lair:6   | Reached XP level 14. HP: 116/132 MP: 8/8
 14850 | Lair:6   | Reached ****** piety under Makhleb
 14932 | Lair:6   | Reached skill level 13 in Shields
 15447 | Spider:1 | Entered Level 1 of the Spider Nest
 16128 | Spider:1 | Paralysed by a hornet for 3 turns
 16249 | Spider:1 | Noticed an entropy weaver
 16309 | Spider:1 | Killed an entropy weaver
 16375 | Spider:1 | Noticed an entropy weaver
 16429 | Spider:1 | Killed an entropy weaver
 16853 | Spider:1 | Noticed Donald
 16963 | Lair:2   | Reached skill level 1 in Invocations
 17143 | Spider:1 | Gained mutation: You are somewhat resistant to further mutation. [potion of beneficial mutation]
 17217 | Spider:1 | Killed Donald
 17592 | Spider:2 | Noticed Frances
 17597 | Spider:2 | Noticed an entropy weaver
 17719 | Spider:1 | Killed an entropy weaver
 17719 | Spider:1 | Reached skill level 1 in Evocations
 17742 | Spider:2 | Killed Frances
 18143 | D:10     | Killed Snorg
 18143 | D:10     | Reached XP level 15. HP: 106/141 MP: 1/1
 18253 | D:5      | Bought 2 potions of might for 112 gold pieces
 18381 | D:10     | Noticed Josephine
 18542 | D:9      | Killed Josephine
 18639 | D:10     | Found an opulent altar of Gozag.
 18789 | D:10     | Found Wilab's Gadget Shoppe.
 18797 | D:10     | Noticed Harold
 18820 | D:10     | Killed Harold
 19430 | D:10     | Found a roughly hewn altar of Beogh.
 19430 | D:10     | Found a staircase to the Orcish Mines.
 19463 | Orc:1    | Entered Level 1 of the Orcish Mines
 19793 | Orc:2    | Entered Level 2 of the Orcish Mines
 19793 | Orc:2    | Noticed an orc warlord
 19815 | Orc:1    | You fall through a shaft!
 19948 | Orc:2    | Found Eripum's Gadget Emporium.
 19984 | Orc:2    | Found a radiant altar of Vehumet.
 20012 | Orc:2    | Reached skill level 14 in Shields
 20022 | Orc:2    | Found Hekareza's Gadget Emporium.
 20077 | Orc:2    | Found an ancient bone altar of Kikubaaqudgha.
 20291 | Orc:2    | Found a roughly hewn altar of Beogh.
 20291 | Orc:2    | Found Xaynuegg's Magic Scroll Shoppe.
 20343 | Orc:2    | Found Fiol's Antique Armour Emporium.
 20352 | Orc:2    | Bought a bronze chain mail for 180 gold pieces
 20352 | Orc:2    | Identified the +7 chain mail "Qumireti" {rC+ SInv} (You bought it in a shop on level 2 of the Orcish Mines)
 20738 | Orc:1    | Found a roughly hewn altar of Beogh.
 20790 | Orc:1    | You fall through a shaft!
 21265 | Orc:2    | Noticed an orc warlord
 21466 | Orc:1    | Mangled by an orc warlord

Skill      XL: |  1  2  3  4  5  6  7  8  9 10 11 12 13 14 15 |
---------------+----------------------------------------------+-----
Fighting       | 3 4 5 6 7 8 9 10 11 | 11.5
Dodging        | 1 2 3 4 5 6 8 9 10 11 12 | 12.3
Shields        | 4 5 6 8 9 10 11 12 13 14 | 14.1
Armour         | 4 5 6 7 9 10 11 12 13 | 13.8
Maces & Flails | 3 4 5 6 7 9 10 11 12 | 12.7
Invocations    | 2 |  2.1
Evocations     | 1 4 |  4.7

Action                   |  1- 3 |  4- 6 |  7- 9 | 10-12 | 13-15 || total
-------------------------+-------+-------+-------+-------+-------++-------
Melee: Flail             |   188 |   202 |       |       |       ||   390
       Whip              |       |       |   167 |       |   710 ||   877
       Mace              |       |       |   326 |  1195 |  2354 ||  3875
Invok: Lesser Servant of |       |       |       |       |     9 ||     9
       Greater Servant o |       |       |       |       |     1 ||     1
 Abil: Device Recharging |       |     1 |     1 |     3 |    13 ||    18
       Evoke Berserk Rag |       |       |       |       |     2 ||     2
Evoke: Wand              |     1 |     3 |     8 |    21 |    52 ||    85
  Use: Scroll            |     4 |       |       |    15 |    15 ||    34
       Potion            |       |       |     1 |     1 |    15 ||    17
 Stab: Distracted        |       |       |       |       |     1 ||     1
       Held in net/web   |       |       |       |       |     1 ||     1
  Eat: Chunk             |     2 |     4 |    12 |    12 |    13 ||    43
       Beef jerky        |       |       |       |     4 |       ||     4
       Pizza             |       |       |       |     3 |     8 ||    11
       Bread ration      |       |       |       |     1 |       ||     1
       Meat ration       |       |       |       |       |     2 ||     2
       Fruit             |       |       |       |       |     4 ||     4
       Royal jelly       |       |       |       |       |     1 ||     1
Armor: Scale mail        |    97 |    36 |       |       |       ||   133
       Plate armour      |       |    92 |   227 |   620 |  1281 ||  2220
       Chain mail        |       |       |       |       |   174 ||   174
Dodge: Dodged            |    62 |    62 |   100 |   476 |  1526 ||  2226
Block: Shield            |   123 |   127 |   244 |   868 |  2603 ||  3965
